 Dungeon Crawl Stone Soup version 0.21-a0-19-g210df22 (webtiles) character file.

383 kuniqs the Skirmisher (level 6, 0/33 HPs)
             Began as a Vine Stalker Fighter on May 24, 2017.
             Was a Believer of Uskayaw.
             Slain by a worker ant (4 damage)
             ... on level 3 of the Dungeon.
             The game lasted 00:06:21 (3618 turns).

kuniqs the Skirmisher (Vine Stalker Fighter)        Turns: 3618, Time: 00:06:22

Health: 0/33       AC: 11    Str: 18    XL:     6   Next: 76%
Magic:  0/8        EV:  6    Int:  8    God:    Uskayaw [**....]
Gold:   57         SH:  9    Dex: 16    Spells: 5/5 levels left

rFire    . . .     SeeInvis +   a - +0 rapier
rCold    . . .     Gourm    .   c - +0 shield
rNeg     . . .     Faith    .   g - +0 chain mail
rPois    .         Spirit   +   i - +0 helmet
rElec    .         Reflect  .   (no cloak)
rCorr    .         Harm     .   (no gloves)
MR       .....                  (no boots)
Stlth    ..........             h - amulet of magic regeneration
Regen    0.6/turn               k - ring of see invisible
MPRegen  0.2/turn               r - +1 ring of protection

@: lethally poisoned (0 -> -1)
A: fangs 2, regeneration 1, magic shield, antimagic bite, no potion heal 3, rot
immunity
a: Stomp, Line Pass, Renounce Religion


You were on level 3 of the Dungeon.
You worshipped Uskayaw.
Uskayaw was noncommittal.
You were not hungry.

You visited 1 branch of the dungeon, and saw 4 of its levels.

You collected 169 gold pieces.
You spent 112 gold pieces at shops.

Inventory:

Hand Weapons
 a - a +0 rapier (weapon)
Armour
 c - a +0 shield (worn)
 g - a +0 chain mail (worn)
 i - a +0 helmet (worn)
Jewellery
 h - an amulet of magic regeneration (around neck)
 k - a ring of see invisible (left hand)
 r - a +1 ring of protection (right hand)
Wands
 v - a wand of paralysis (11/24)
Scrolls
 j - 3 scrolls of remove curse {@r2}
 l - a scroll of fog {unknown}
 m - a scroll of recharging {unknown}
 p - a scroll of magic mapping {unknown}
Potions
 b - 3 potions of cancellation
 f - a potion of might
 n - a potion of flight
 o - a potion of lignification {unknown}
 s - 2 potions of haste {unknown}
 u - a potion of curing {unknown}
Comestibles
 d - 4 bread rations
 e - 3 meat rations
 q - 4 chunks of flesh
 t - a royal jelly


   Skills:
 + Level 3.9 Fighting
 + Level 3.0 Short Blades
 + Level 3.0 Armour
 + Level 2.1 Dodging
 + Level 3.9 Shields
 + Level 1.7 Invocations


You had 5 spell levels left.
You didn't know any spells.

Dungeon Overview and Level Annotations

Branches:
Dungeon (4/15)
 Temple: D:4-7

Altars:
Uskayaw

Shops:
D:4 *

Annotations:
D:3 Eustachio


Innate Abilities, Weirdness & Mutations

You have extremely sharp teeth.
Your natural rate of healing is unusually fast.
When hurt, damage is shared between your health and your magic reserves.
Your bite disrupts and absorbs the magic of your enemies.
Potions cannot restore your health.
You are immune to rotting.


Message History

You are electrocuted!
* * * LOW HITPOINT WARNING * * *
You block the quokka's attack. The worker ant bites you.
* * * LOW HITPOINT WARNING * * *
You are more poisoned.
The worker ant poisons you! Eustachio hits you but does no damage.
You can now pass through a line of other dancers.
You feel sick. The bat hits you but does no damage.
The quokka bites you but does no damage.
You block the worker ant's attack. The bat hits you but does no damage.
A mysterious force pulls you upwards. The hatch slams shut behind you.
The bat disappears in a puff of smoke! x2
The quokka disappears in a puff of smoke!
You feel sick.
Your chain mail prevents you from hitting Eustachio.
You feel sick.
The worker ant bites you but does no damage.
Eustachio falters for a moment.
You feel sick. The worker ant bites you.
You die...

### ##.## ##.#a####
#>#@@...#
##...##.############
##.###.............
#.################
#............#
#..#########.#
#..### ####.####
#..^.# #.......#
##.#.# #.......#


You could see Eustachio and a worker ant.

Vanquished Creatures
  A howler monkey (D:4)
  A hound (D:4)
  An iguana (D:4)
  2 worker ants (D:4)
  Robin (D:2)
  8 gnolls
  2 adders
  An ooze (D:4)
  An adder skeleton (D:4)
  4 worms
  2 dart slugs
  3 leopard geckos
  5 orcs (D:3)
  3 giant cockroaches
  17 goblins
  14 hobgoblins
  6 jackals
  11 kobolds
  3 quokkas
  A ball python (D:1)
  9 bats
  6 frilled lizards
  A jackal skeleton (D:3)
  A leopard gecko skeleton (D:4)
  A quokka skeleton (D:4)
  9 rats
114 creatures vanquished.

Notes
Turn   | Place    | Note
-------+----------+-------------------------------------------
     0 | D:1      | kuniqs the Vine Stalker Fighter began the quest for the Orb.
     0 | D:1      | Reached XP level 1. HP: 11/11 MP: 2/2
   269 | D:1      | Reached XP level 2. HP: 13/16 MP: 3/3
   529 | D:1      | Reached skill level 1 in Dodging
   535 | D:1      | Reached XP level 3. HP: 12/19 MP: 1/4
  2012 | D:3      | Noticed a dagger
  2012 | D:3      | Noticed a dagger
  2015 | D:3      | Found a hide-covered altar of Uskayaw.
  2026 | D:3      | Gained mutation: Your natural rate of healing is unusually fast. [Vine Stalker growth]
  2026 | D:3      | Reached XP level 4. HP: 16/24 MP: 5/5
  2039 | D:3      | Became a worshipper of Uskayaw the Reveler
  2099 | D:3      | Reached * piety under Uskayaw
  2147 | D:3      | Reached ** piety under Uskayaw
  2177 | D:3      | Reached *** piety under Uskayaw
  2602 | D:2      | Noticed Robin
  2611 | D:2      | Reached XP level 5. HP: 15/28 MP: 4/6
  2671 | D:2      | Killed Robin
  2893 | D:2      | Reached skill level 1 in Invocations
  3155 | D:4      | Reached XP level 6. HP: 27/33 MP: 7/7
  3203 | D:4      | Found Dyothrop's Assorted Antiques.
  3206 | D:4      | Bought a twisted bone wand for 112 gold pieces
  3601 | D:4      | Noticed Eustachio
  3618 | D:3      | Slain by a worker ant

Vault maps used:
D:1:      elethiomel_arrival_shortcut, minmay_misc_feat_rows
D:2:      uniq_robin
D:3:      dancing_weapons_uskayaw, first_bread
D:4:      serial_shops, nicolae_shop_behind_doors, abandoned_shop,
          uniq_eustachio

Skill      XL: |  1  2  3  4  5  6 |
---------------+-------------------+-----
Short Blades   | 2 3 |  3.0
Dodging        | 1 2 |  2.1
Shields        | 3 |  3.9
Fighting       | 3 |  3.9
Invocations    | 1 |  1.7
Armour         | 3 |  3.0

Action                   |  1- 3 |  4- 6 || total
-------------------------+-------+-------++-------
Melee: Rapier            |   129 |   253 ||   382
       Bite              |    28 |    74 ||   102
  Use: Scroll            |       |     5 ||     5
 Stab: Paralysed         |       |     2 ||     2
  Eat: Chunk             |     3 |     6 ||     9
Armor: Scale mail        |    45 |       ||    45
       Chain mail        |     1 |   139 ||   140
Dodge: Dodged            |    29 |    51 ||    80
Block: Shield            |    51 |   141 ||   192
